 Dungeon Sprint DCSS version 0.31-a0-879-g1609e0ac53 (webtiles) character file.

Game seed: 7124058216967089799

224 rocky1 the Trooper (level 6, -10/51 HPs)
             Began as a Djinni Fighter on Oct 15, 2023.
             Mangled by Menkaure (19 damage)
             ... in the Dungeon (Sprint II: "The Violet Keep of Menkaure").
             The game lasted 00:00:36 (168 turns).

rocky1 the Trooper (Djinni Fighter)                  Turns: 168, Time: 00:00:36

Health: -10/51     AC:  7    Str: 15    XL:     6   Next: 20%
Gold:   243        EV:  9    Int:  9    God:
                   SH:  6    Dex: 15

rFire   + + .        a - +0 long sword
rCold   x . .        c - +0 buckler
rNeg    . . .        b - +0 scale mail
rPois   ∞            (no helmet)
rElec   .            (no cloak)
rCorr   .            (no gloves)
SInv    .            (boots unavailable)
Will    .....        (no amulet) Stlth
                     (no ring)
HPRegen 0.28/turn    (no ring)
MPRegen 0.00/turn

%: no teleportation, infuse magic (-11 HP)
@: flying
A: sickness immunity, fire resistance 2, cold vulnerability 1, float, innate
caster, HP casting, extra vitality 1
a: no special abilities


You were in the Dungeon.
You visited 1 branch You collected 243 gold pieces.

Inventory:

Hand Weapons
 a - a +0 long sword (weapon)
Armour
 b - a +0 scale mail (worn)
 c - a +0 buckler (worn)
Scrolls
 i - a scroll of blinking
Potions
 d - a potion of might
 e - a potion of curing
 g - a potion of haste


   Skills:
 + Level 6.7 Fighting
 + Level 5.2 Long Blades
 + Level 6.7 Armour
 + Level 6.7 Shields


You knew the following spells:

 Your Spells              Type           Power      Damage    Failure   Level
a - Magic Dart            Conj           0%         1d3       86%         1
b - Static Discharge      Conj/Air       0%         2-2/arc   95%         2
Your spell library was empty.

Dungeon Overview and Level Annotations

Branches:
Dungeon (1/1)

Altars:

Shops:
D ::([!!=?[!:[=!?

Annotations:
D exclusion: oklob plant, Menkaure


Innate Abilities, Weirdness & Mutations

You are immune to sickness and miasma.
You are immune to poison.
Your flesh is very heat resistant. (rF++)
You are vulnerable to cold. (rC-)
You float through the air rather than walking.
You learn spells naturally, not from books.
Your magical power is your life essence.
You have superior vitality. (+4 MHP)


Message History

Found Arghus's Antique Weapon Shop and Doetonypue's Book Boutique.
You reach down and open the door.
Found Zineanyjudd's Distillery and Nuufon's Antique Armour Shop.
Menkaure, Prince of Dust comes into view.
Found 2 stones and a scroll labelled HECRIN KINER.
Menkaure shouts!
Menkaure calls on the powers of darkness!
Your body is wracked with pain!
Marking area around an oklob plant as unsafe for travelling.
There is an open door here.
Found a scroll labelled JABOIC YSTRIBOCH, 2 javelins and 105 gold pieces.
Found Baozaf's Book Shoppe.
You hit Menkaure but do no damage. Menkaure hits you!
You are too injured to fight recklessly!
You are too injured to fight recklessly!
You hit Menkaure but do no damage. Menkaure hits you!
* * * LOW HITPOINT WARNING * * *
You feel much better.
You slash Menkaure!
Menkaure is moderately damaged.
You block Menkaure's attack.
You hit Menkaure.
Menkaure is heavily damaged.
Menkaure hits you!
* * * LOW HITPOINT WARNING * * *
You hit Menkaure but do no damage.
Menkaure is heavily damaged.
Menkaure barely misses you.
You barely miss Menkaure.
Menkaure is heavily damaged.
Menkaure mumbles some strange words.
Menkaure seems to speed up.
You hit Menkaure.
Menkaure is heavily damaged.
Menkaure hits you!
* * * LOW HITPOINT WARNING * * *
You barely miss Menkaure.
Menkaure is heavily damaged.
You block Menkaure's attack. Menkaure hits you!!
You die...

~## ##########~~#++
#########~~~...
....∩.∩.#~~~~.#
...∩.∩..#~~~~#
..∩.∩...#~~~~#
.⌠.∩....#~~###
..∩.∩...#~##.# #+#
.....∩.@#~#..###.##
....∩.∩.M~'##††.<.+
.....∩.∩#~#..###.##
▓▓▓▓▓▓###~##.# #+#
?(E######~~### (?.#
##~~ ∩P$ +#~ $$ ~~
~~


You could see an iron elemental, an oklob plant and Menkaure (fast).

Vanquished Creatures
  4 scorpions (D)
4 creatures vanquished.

Vanquished Creatures (others)
  A water moccasin (D)
1 creature vanquished.

Grand Total: 5 creatures vanquished

Notes
Turn   | Place    | Note
-------+----------+-------------------------------------------
     0 | D        | rocky1 the Djinni Fighter began the quest for the Orb.
     0 | D        | Reached XP level 1. HP: 20/20 MP: 0/0
     3 | D        | Noticed a scorpion
     3 | D        | Noticed a scorpion
     8 | D        | Killed a scorpion
     9 | D        | Reached XP level 2. HP: 27/27 MP: 0/0
     9 | D        | Reached XP level 3. HP: 32/32 MP: 0/0
     9 | D        | Learned a level 1 spell: Magic Dart
     9 | D        | Reached XP level 4. HP: 38/38 MP: 0/0
    12 | D        | Killed a scorpion
    13 | D        | Reached skill level 5 in Fighting
    13 | D        | Reached skill level 5 in Armour
    13 | D        | Reached skill level 5 in Shields
    13 | D        | Reached XP level 5. HP: 44/44 MP: 0/0
    13 | D        | Learned a level 2 spell: Static Discharge
    30 | D        | Reached skill level 5 in Long Blades
    30 | D        | Reached XP level 6. HP: 17/51 MP: 0/0
    30 | D        | Killed a water moccasin
   144 | D        | Found Yrufecw's Magic Scroll Boutique.
   144 | D        | Found Mug Nut's Jewellery Shop.
   144 | D        | Found Oveusk Dexa's Distillery.
   144 | D        | Found Tivuid's Jewellery Shop.
   144 | D        | Found Wioch's Distillery.
   145 | D        | Found Ynyil's Magic Scroll Shop.
   145 | D        | Found Kotwuym's Antique Armour Boutique.
   145 | D        | Found Vynanass's Book Shop.
   145 | D        | Found Wedwao Axag's Distillery.
   145 | D        | Found Fuqah's Antique Armour Boutique.
   146 | D        | Found Arghus's Antique Weapon Shop.
   146 | D        | Found Doetonypue's Book Boutique.
   147 | D        | Found Zineanyjudd's Distillery.
   147 | D        | Found Nuufon's Antique Armour Shop.
   147 | D        | Noticed an iron elemental
   148 | D        | Noticed Menkaure
   148 | D        | Noticed an oklob plant
   149 | D        | Found Baozaf's Book Shoppe.
   168 | D        | Mangled by Menkaure

Illustrated notes

Levels and vault maps discovered:
D:        the_violet_keep_of_menkaure [sprint2_stairs_cluster_1,
          sprint2_shoproom, sprint2_temple, sprint2_basic_supplies,
          sprint2_obstacle_6, sprint2_obstacle_7, sprint2_obstacle_4,
          sprint2_obstacle_2, sprint2_obstacle_1, sprint2_timed_cluster_1,
          sprint2_smallroom_cluster_1, sprint2_smallroom_final_cluster_1,
          sprint2_transparent_cluster_1, sprint2_second_timed_cluster_1,
          sprint2_sniper_area_1, sprint2_heavy_combat_area_1,
          sprint2_mutation_trap_area_1, sprint2_forest_area_1,
          sprint2_light_combat_area_1, sprint2_behind_water_1,
          sprint2_near_end_vault_1]

Skill      XL: |  1  2  3  4  5 |
---------------+----------------+-----
Fighting       | 4 5 6 |  6.7
Long Blades    | 3 5 |  5.2
Armour         | 4 5 6 |  6.7
Shields        | 4 5 6 |  6.7

Action                     |  1- 3 |  4- 6 || total
---------------------------+-------+-------++-------
  Melee: Long sword        |     4 |    26 ||    30
    Use: Potion            |     1 |     1 ||     2
 Armour: Scale mail        |       |    28 ||    28
  Dodge: Dodged            |     3 |     5 ||     8
  Block: Buckler           |     1 |     5 ||     6

Table legend: (Time is in decaauts)
 A = Elapsed time spent in this place.
 B = Non-inter-level travel time spent in this place.
 C = Inter-level travel time spent in this place.
 D = Time resting spent in this place.
 E = Time spent auto-exploring this place.
 F = Levels seen in this place.
 G = Mean time per level.
                   A        B        C        D        E       F      G
               +--------+--------+--------+--------+--------+-----+--------+
         Total |    187 |    187 |      0 |    114 |      0 |   1 |  187.0 |
       Dungeon |    187 |    187 |      0 |    114 |      0 |   1 |  187.0 |
               +--------+--------+--------+--------+--------+-----+--------+

Top non-repeatable levels by time:
       D: 187 daAuts
